 Dungeon Crawl Stone Soup version 0.26-a0-259-g1effd001a9 (webtiles) character file.

Game seed: 3714781077378143368

26999 drasked the Bludgeoner (level 13, -21/136 HPs)
             Began as an Ogre Arcane Marksman on July 27, 2020.
             Was a High Priest of Okawaru.
             Demolished by Snorg (26 damage)
             ... on level 4 of the Lair of Beasts.
             The game lasted 01:20:16 (29870 turns).

drasked the Bludgeoner (Ogre Arcane Marksman)      Turns: 29870, Time: 01:20:16

Health: -21/136    AC:  5    Str: 21    XL:     13   Next: 29%
Magic:  14/14      EV: 10    Int: 14    God:    Okawaru [*****.]
Gold:   805        SH:  0    Dex: 11    Spells: 13/14 levels left

rFire    . . .     SeeInvis +   I - +5 giant club of Dismemberment {venom, Dex+2}
rCold    . . .     Faith    .   (shield currently unavailable)
rNeg     . . .     Spirit   .   M - +1 robe of the Goldsmith {Slay+2}
rPois    .         Reflect  .   (helmet restricted)
rElec    .         Harm     .   i - scarf {repulsion}
rCorr    .                      (gloves unavailable)
MR       +....                  (boots unavailable)
Stlth    +.........             p - amulet of the acrobat
HPRegen  0.32/turn              S - ring of see invisible {sInv, !d}
MPRegen  0.14/turn              W - ring of wizardry {Wiz+, !dWiz+}

@: repel missiles
A: large, unfitting armour, horns 1, rugged brown scales 1, tough skin 1,
subdued magic 1
a: Heroism, Finesse, Renounce Religion


You were on level 4 of the Lair of Beasts.
You worshipped Okawaru.
Okawaru was extremely pleased with you.
You were not hungry.

You visited 3 branches of the dungeon, and saw 17 of its levels.

You collected 1024 gold pieces.
You spent 219 gold pieces at shops.

Inventory:

Hand Weapons
 I - the +5 giant club of Dismemberment (weapon) {venom, Dex+2}
   (Okawaru gifted it to you on level 11 of the Dungeon)

   It poisons the flesh of those it strikes.
   It affects your dexterity (+2).
 N - a +0 giant spiked club
   (You took it off an ogre on level 9 of the Dungeon)
Missiles
 a - 3 curare-tipped darts
 c - 32 large rocks (quivered) {!d!d}
 d - 2 throwing nets {=f, !d=f}
 k - 30 poisoned darts
 B - 5 javelins
 Q - 329 stones
Armour
 i - a scarf of repulsion (worn)
   (Okawaru gifted it to you on level 3 of the Lair of Beasts)
 u - a +2 robe of positive energy {rN+}
   (You bought it in a shop on level 7 of the Dungeon)
 L - a +2 cloak
   (You found it on level 8 of the Dungeon)
 M - the +1 robe of the Goldsmith (worn) {Slay+2}
   (You found it on level 8 of the Dungeon)

   It affects your accuracy and damage with ranged weapons and melee attacks
   (+2).
Jewellery
 p - an amulet of the acrobat (around neck)
   (You found it on level 2 of the Dungeon)
 S - a ring of see invisible (left hand) {sInv, !d}
   (You found it on level 5 of the Dungeon)
 W - a ring of wizardry (right hand) {Wiz+, !dWiz+}
   (You found it on level 11 of the Dungeon)
Wands
 b - a wand of iceblast (8)
   (You found it on level 9 of the Dungeon)
 y - a wand of polymorph (8)
   (You found it on level 5 of the Dungeon)
 D - a wand of digging (5)
   (You found it on level 11 of the Dungeon)
 E - a wand of clouds (7)
   (You found it on level 7 of the Dungeon)
 F - a wand of disintegration (17)
   (You took it off Pikel on level 7 of the Dungeon)
 J - a wand of flame (19)
   (You took it off a big kobold on level 8 of the Dungeon)
 R - a wand of paralysis (12)
   (You found it on level 8 of the Dungeon)
 T - a wand of enslavement (6)
   (You found it on level 11 of the Dungeon)
Scrolls
 f - 3 scrolls of fog
 g - a scroll of fear
 j - 4 scrolls of amnesia
 m - a scroll of enchant armour
 s - 3 scrolls of enchant weapon
 t - 6 scrolls of teleportation
 w - 6 scrolls of remove curse
 A - 2 scrolls of magic mapping {!r!r}
 H - a scroll of immolation {!r!r}
Potions
 h - 3 potions of haste
 l - a potion of heal wounds
 n - a potion of berserk rage {!q!q}
 o - 4 potions of lignification {!q!q}
 q - 2 potions of curing
 r - 3 potions of invisibility
 v - a potion of resistance {unknown}
 x - 3 potions of flight
 z - 4 potions of might
 C - a potion of brilliance
 K - a potion of degeneration {unknown}
 O - 2 potions of magic
 P - a potion of cancellation {unknown}
Comestibles
 e - 47 rations


   Skills:
 + Level 9.8 Fighting
 * Level 15.7 Maces & Flails
 + Level 10.8 Throwing
 - Level 1.7 Dodging
   Level 0.0 Shields
 - Level 1.2 Spellcasting
 - Level 2.6 Hexes


You had 13 spell levels left.
You knew the following spells:

 Your Spells              Type           Power        Failure   Level
v - Corona                Hex            #......      2%          1

Your spell library contained the following spells:

 Spells                   Type           Power        Failure   Level
 Slow                     Hex            #.......     4%          2
 Inner Flame              Hex/Fire       #.......     16%         3
 Portal Projectile        Hex/Tloc       #.....       16%         3
 Cause Fear               Hex            #.........   30%         4
 Leda's Liquefaction      Hex/Erth       #.........   45%         4


Dungeon Overview and Level Annotations

Branches:
Dungeon (12/15)            Temple (1/1) D:6            Lair (4/6) D:11
 Shoals (0/4) Lair:2       Spider (0/4) Lair:2          Orc (0/2) D:10

Altars:
Ashenzari
Cheibriados
Dithmenos
Elyvilon
Fedhas
Gozag
Hepliaklqana
Kikubaaqudgha
Makhleb
Nemelex Xobeh
Okawaru
Qazlal
Ru
Sif Muna
Trog
Uskayaw
Vehumet
Wu Jian
Xom
Yredelemnul
Zin
The Shining One
Beogh

Shops:
D:6 !   D:7 [   D:10 *

Annotations:
Lair:4 Snorg


Innate Abilities, Weirdness & Mutations

You are too large for most types of armour.
You have tough skin. (AC +1)
You have a pair of small horns on your head.
You are partially covered in rugged brown scales. (AC +1, +3% HP)
Your spells are a little easier to cast, but a little less powerful.


Message History

The yak gores the plant.
Throwing (i - inventory. (/) - cycle)
Q - 314 stones (quivered)
Aim: a yak You throw a stone.
The stone hits the yak!
You hit the yak.
The yak is poisoned.
The yak gores the plant but does no damage.
The yak gores you.
You bludgeon the yak!!
You kill the yak!
The yak gores the plant!
The plant is destroyed!
Throwing (i - inventory. (/) - cycle)
Q - 313 stones (quivered)
Aim: a yak You throw a stone.
The stone hits the yak!
Throwing (i - inventory. (/) - cycle)
Q - 312 stones (quivered)
Aim: a yak (lightly wounded)
You throw a stone. The stone hits the yak!
Throwing (i - inventory. (/) - cycle)
Q - 311 stones (quivered)
Aim: a yak (moderately wounded)
You throw a stone. The stone hits the yak!
Throwing (i - inventory. (/) - cycle)
Q - 310 stones (quivered)
Aim: a yak (heavily wounded)
You throw a stone. The stone hits the yak!
Throwing (i - inventory. (/) - cycle)
Q - 309 stones (quivered)
Aim: a yak (severely wounded)
You throw a stone. The stone hits the yak.
Throwing (i - inventory. (/) - cycle)
Q - 308 stones (quivered)
Aim: a yak (almost dead)
You throw a stone.
The stone hits the yak but does no damage.
Throwing (i - inventory. (/) - cycle)
Q - 307 stones (quivered)
Aim: a yak (almost dead)
You throw a stone. The stone barely misses the yak.
You hit the yak.
You kill the yak!
No target in view!
You start resting.
Q - 322 stones (gained 16)
Things that are here:
a yak corpse x2
Q - 325 stones (gained 3)
Q - 327 stones (gained 2)
Q - 329 stones (gained 2)
Q - 330 stones (gained 1)
Q - 331 stones (gained 1)
Q - 332 stones (gained 1) Snorg the Insatiable comes into view.
You see here 2 stones.
Snorg shouts!
You hear a bellow!
Throwing (i - inventory. (/) - cycle)
Q - 332 stones (quivered)
Aim: Snorg You throw a stone.
The stone hits Snorg!
Throwing (i - inventory. (/) - cycle)
Q - 331 stones (quivered)
Aim: Snorg (lightly wounded)
You throw a stone. The stone hits Snorg.
Snorg goes berserk!
A death yak comes into view.
You hear a bellow!
Throwing (i - inventory. (/) - cycle)
Q - 330 stones (quivered)
Aim: Snorg (lightly wounded, berserk)
You throw a stone. The stone closely misses Snorg.
You hear a bellow!
You pound Snorg like an anvil!!!
Snorg looks as sick as possible!
Snorg bites you. Snorg closely misses you. Snorg barely misses you.
Snorg bites you!! Snorg completely misses you. Snorg barely misses you.
You closely miss Snorg. Snorg bites you!! Snorg claws you! Snorg claws you.
* * * LOW HITPOINT WARNING * * *
Snorg bites you!
* * * LOW HITPOINT WARNING * * *
Snorg barely misses you. x2
You bludgeon Snorg!!
Snorg looks as sick as possible!
Snorg closely misses you. Snorg barely misses you. x2
Quiver which item? (- for none, * to show all) (? for menu, Esc to quit)
Quivering
c - 34 large rocks {!d!d} for throwing.
Throwing (i - inventory. (/) - cycle)
c - 34 large rocks (quivered)
{!d!d}
Aim: Snorg (severely wounded, berserk, extremely poisoned)
You throw a large rock {!d!d}.
The large rock {!d!d} closely misses Snorg.
Snorg misses you. Snorg barely misses you. Snorg closely misses you.
Snorg bites you!
* * * LOW HITPOINT WARNING * * *
Snorg barely misses you. x2
Throwing (i - inventory. (/) - cycle)
c - 33 large rocks (quivered)
{!d!d}
Aim: Snorg (severely wounded, berserk, extremely poisoned)
You throw a large rock {!d!d}.
The large rock {!d!d} closely misses Snorg.
Snorg bites you!!
* * * LOW HITPOINT WARNING * * *
Snorg barely misses you. Snorg claws you.
* * * LOW HITPOINT WARNING * * *
Snorg bites you!
* * * LOW HITPOINT WARNING * * *
Snorg claws you!
* * * LOW HITPOINT WARNING * * *
Snorg barely misses you.
As you read the scroll of fear, it crumbles to dust.
You assume a fearsome visage.
Snorg bites you!!
You die...

..≈≈≈≈≈.≈≈≈≈.†...## P...
...≈≈≈.<.≈≈≈≈...(P##.P.PY
#.≈≈≈≈≈≈≈≈≈≈.......T((.#
##.≈≈≈≈≈≈≈≈≈≈....(.##.##
#.≈≈≈≈≈≈≈≈≈.....#(.# ..
#≈≈.≈≈≈≈≈≈.≈###.#..P# #..
##..≈≈≈.≈..###..##..######.#P
#
#.............T##.##..#.....
#
#.............@.###.........
# ##........................#
####..........#.##PP.....#..
..............#####..÷.###
...#..........##......##
##.....................#
#..............####....#
####..........## ###....# #
##..........###P###..##


You could see Snorg (berserk, very poisoned).

Levels and vault maps discovered:
D:1:      lemuel_arrival_tunnels, layout_basic, kennysheep_flooded_box
D:2:      layout_basic, xom_redecorated, ashenzari_altar_1,
          kennysheep_slug_shrine, first_ration, serial_rivers,
          chequers_serial_rivers_marsh, chequers_serial_rivers_room_a,
          chequers_serial_rivers_marsh, chequers_serial_rivers_micro_b,
          chequers_serial_rivers_micro_c, chequers_serial_rivers_marsh
D:3:      layout_basic, fiery_altar_vehumet, lemuel_round_altar
D:4:      layout_basic, fedhas_altar_3, uniq_duvessa
D:5:      layout_basic
D:6:      kennysheep_housing_project, layout_loops_ring, lemuel_round_altar,
          temple_hall_moat, serial_shops,
          nicolae_shop_temple_entry_statues_fountains, grunt_tough_drop,
          uniq_blork_the_orc
D:7:      layout_basic, serial_shops, shop, uniq_pikel
D:8:      layout_loops_ring, marbit_many_paths, blue_anna_alchemist
          [blue_anna_fruit_fields, blue_anna_fruit_fields]
D:9:      kennysheep_seaside_town, layout_loops_corners,
          eat_drink_and_be_merry_uskayaw, lemuel_crystal_altar, kennysheep_mini,
          uniq_joseph
D:10:     layout_roguey [special_room_orc], david_orc_4, serial_shops,
          nicolae_shop_crystal
D:11:     cheibrodos_fzero, layout_cave_pods, erik_lair_island, basic_altar,
          special_room [special_room_bee], minivault_25_ag,
          minmay_sticks_and_stones
D:12:     layout_cave_pools, portal_ice_cave_rime, laboratory
Temple:   minmay_freezing_vapour_temple
Lair:1:   layout_loops_ring, special_room
Lair:2:   layout_loops_ring, minmay_shoals_entry_centaurs, dummy_spider_entry,
          grunt_megastairs_1
Lair:3:   layout_roguey, basic_altar, chequers_serial_rivers_room_b,
          grunt_megastairs_2
Lair:4:   beast_lair_carwin_large_2, layout_cave_pods,
          gammafunk_ghost_berserking_beasts, serial_bayou_shore_b,
          infiniplex_staircase_pool_2, serial_bayou_shore_b, uniq_snorg

Notes
Turn   | Place    | Note
-------+----------+-------------------------------------------
     0 | D:1      | drasked the Ogre Arcane Marksman began the quest for the
                  | Orb.
     0 | D:1      | Reached XP level 1. HP: 19/19 MP: 2/2
    58 | D:1      | Identified a +0 club
    76 | D:1      | Identified a +0 whip (You found it on level 1 of the
                  | Dungeon)
   165 | D:1      | Identified a +0 club
   257 | D:1      | Identified a +0 club
   346 | D:1      | Identified a +0 leather armour
   358 | D:1      | Reached XP level 2. HP: 22/27 MP: 3/3
   637 | D:1      | Reached skill level 1 in Maces & Flails
   744 | D:1      | Reached XP level 3. HP: 33/33 MP: 4/4
  1063 | D:1      | Found a sparkling altar of Nemelex Xobeh.
  1241 | D:2      | Reached skill level 3 in Throwing
  1322 | D:2      | Identified a +0 club
  1410 | D:2      | Found a snail-covered altar of Cheibriados.
  1465 | D:2      | HP: 7/33 [adder (2)]
  1473 | D:2      | HP: 4/33 [poisoned by an adder]
  1781 | D:2      | Identified a +0 club
  1809 | D:2      | Identified a +0 club
  1876 | D:2      | Reached skill level 2 in Maces & Flails
  1976 | D:2      | Reached XP level 4. HP: 36/41 MP: 5/5
  2046 | D:2      | Identified a +0 dagger
  2046 | D:2      | Identified a +0 scale mail
  2094 | D:2      | Found a shimmering altar of Xom.
  2095 | D:2      | Found a shimmering altar of Xom.
  2101 | D:2      | Identified a cursed -1 hunting sling
  2247 | D:2      | Identified a +0 club
  2924 | D:2      | Identified a +0 whip
  2945 | D:2      | Found a shattered altar of Ashenzari.
  3355 | D:2      | Identified 3 scrolls of fog
  3356 | D:2      | Identified 3 scrolls of identify
  3356 | D:2      | Identified an amulet of the acrobat (You found it on level
                  | 2 of the Dungeon)
  3367 | D:3      | Identified a +0 club
  3519 | D:3      | Found a sacrificial altar of Ru.
  3526 | D:3      | Identified a cursed +0 whip (You found it on level 3 of the
                  | Dungeon)
  3541 | D:3      | Reached XP level 5. HP: 37/48 MP: 6/6
  3643 | D:3      | Reached skill level 3 in Maces & Flails
  3990 | D:3      | Identified a +1 vampiric dagger
  3990 | D:3      | Identified a +0 mace
  3990 | D:3      | Identified a +0 hand axe
  3990 | D:3      | Identified a +0 chain mail
  3990 | D:3      | Identified a +0 dagger
  3990 | D:3      | Identified a +0 robe
  3990 | D:3      | Identified a +0 club
  3990 | D:3      | Identified a +0 ring mail
  3990 | D:3      | Identified a +0 dagger
  3990 | D:3      | Identified a +0 robe
  3990 | D:3      | Identified a +0 club
  3990 | D:3      | Identified a +0 leather armour
  4377 | D:3      | Identified a +0 dagger
  4476 | D:3      | Identified a +0 leather armour
  4484 | D:3      | Identified a +0 chain mail
  4506 | D:3      | Reached skill level 4 in Throwing
  4507 | D:3      | Identified 3 scrolls of amnesia
  4508 | D:3      | Identified 2 scrolls of remove curse
  4537 | D:3      | Reached XP level 6. HP: 38/55 MP: 7/7
  4596 | D:3      | Identified a +0 short sword
  4694 | D:3      | Reached skill level 4 in Maces & Flails
  4844 | D:3      | Identified a +0 hand axe
  4993 | D:3      | Found a radiant altar of Vehumet.
  5049 | D:3      | Identified a +0 flail
  5049 | D:3      | Identified a +0 scale mail
  5049 | D:3      | Identified a +0 dagger
  5049 | D:3      | Identified a cursed +0 robe
  5049 | D:3      | Identified a +0 dagger
  5070 | D:3      | HP: 5/55 [orc priest/divine providence (13)]
  5071 | D:3      | HP: 1/55 [orc priest/+0 dagger (5)]
  5073 | D:3      | Identified a potion of mutation
  5073 | D:3      | Gained mutation: You are partially covered in rugged brown
                  | scales. (AC +1, +3% HP) [potion of mutation]
  5073 | D:3      | Gained mutation: Your spells are a little easier to cast,
                  | but a little less powerful. [potion of mutation]
  5073 | D:3      | Gained mutation: You have a pair of small horns on your
                  | head. [potion of mutation]
  5584 | D:3      | Identified a potion of flight
  5585 | D:3      | Identified a potion of berserk rage
  5955 | D:4      | Identified a +0 dagger
  5955 | D:4      | Identified a +0 robe
  5955 | D:4      | Identified a +0 hand axe
  5956 | D:4      | Identified a +0 short sword
  5956 | D:4      | Identified a +0 ring mail
  5956 | D:4      | Identified a +0 hand axe
  6172 | D:4      | Identified a +0 club
  6172 | D:4      | Identified a +0 mace
  6172 | D:4      | Identified a +0 flail
  6187 | D:4      | Reached XP level 7. HP: 50/63 MP: 8/8
  6200 | D:4      | Reached skill level 5 in Maces & Flails
  6748 | D:4      | Found a blossoming altar of Fedhas.
  7061 | D:4      | Identified a +0 short sword
  7061 | D:4      | Identified a +0 ring mail
  7061 | D:4      | Noticed Duvessa
  7104 | D:4      | Killed Duvessa
  7104 | D:4      | Reached skill level 5 in Throwing
  7138 | D:4      | Identified a +0 dagger
  7138 | D:4      | Identified a cursed +0 robe
  7138 | D:4      | Noticed Dowan
  7154 | D:4      | HP: 2/63 [Dowan/shard of ice (26)]
  7155 | D:4      | Killed Dowan
  7752 | D:4      | Identified a cursed +0 robe (You found it on level 4 of the
                  | Dungeon)
  7772 | D:5      | Entered Level 5 of the Dungeon
  7843 | D:5      | Reached skill level 6 in Maces & Flails
  7939 | D:5      | Identified a +0 dagger
  7939 | D:5      | Identified a cursed +0 robe
  7944 | D:5      | Identified a +0 dagger
  7944 | D:5      | Identified a +0 robe
  7947 | D:5      | Identified a +0 short sword
  7954 | D:5      | Identified a +0 club
  7965 | D:5      | Reached XP level 8. HP: 47/72 MP: 9/9
  8175 | D:5      | Identified a +0 giant club
  8717 | D:5      | Reached skill level 6 in Throwing
  8745 | D:5      | Reached skill level 7 in Maces & Flails
  8980 | D:5      | Identified a ring of see invisible (You found it on level 5
                  | of the Dungeon)
  8995 | D:6      | Found Notitall's Distillery.
  8996 | D:6      | Identified a +0 war axe
  8996 | D:6      | Identified a +1 robe of the Archmagi
  8996 | D:6      | Noticed Blork the orc
  8999 | D:6      | Identified a +0 hand axe
  8999 | D:6      | Identified a +0 leather armour
  9007 | D:6      | Killed Blork the orc
  9012 | D:6      | Identified a +0 scimitar
  9012 | D:6      | Identified a cursed +0 robe
  9016 | D:6      | Identified a +0 morningstar
  9016 | D:6      | Identified a +0 robe
  9194 | D:6      | Identified a +0 flail
  9194 | D:6      | Identified a +0 leather armour
  9199 | D:6      | Identified a +0 dagger
  9202 | D:6      | Identified a +0 dagger
  9202 | D:6      | Identified a +0 robe
  9279 | D:6      | Identified a +0 halberd
  9279 | D:6      | Identified a +0 robe
  9284 | D:6      | Identified a cursed +0 scimitar
  9284 | D:6      | Identified a cursed +0 robe
  9561 | D:5      | HP: 16/72 [wight/+0 morningstar (7)]
 10021 | D:6      | Bought a potion of might for 44 gold pieces
 10021 | D:6      | Bought a potion of curing for 33 gold pieces
 10044 | D:6      | Identified a +0 spear
 10083 | D:5      | HP: 17/72 [hound (5)]
 10356 | D:5      | Identified 2 potions of heal wounds
 10453 | D:6      | Found a glowing silver altar of Zin.
 10464 | D:6      | Reached skill level 8 in Maces & Flails
 10464 | D:6      | Reached XP level 9. HP: 24/78 MP: 10/10
 10853 | D:6      | Identified a +0 halberd
 10853 | D:6      | Identified a +0 spear
 10853 | D:6      | Identified a +0 ring mail
 10952 | D:6      | Identified a +0 club
 10999 | D:6      | Identified a +0 club
 11031 | D:6      | Identified a +0 club
 11037 | D:6      | Identified a +0 trident of venom
 11037 | D:6      | Identified a +0 scale mail
 11078 | D:6      | Identified a +0 club
 11078 | D:6      | Identified a +0 club
 11080 | D:6      | Identified a +0 club
 11099 | D:6      | Reached skill level 7 in Throwing
 11155 | D:6      | Identified a +0 ring mail
 11160 | D:6      | Identified a +0 club
 11210 | D:6      | Identified a +0 club
 11221 | D:6      | Identified a +0 giant club
 11221 | D:6      | Identified a +0 club
 11221 | D:6      | Identified a +0 ring mail
 11250 | D:6      | Identified a +0 dagger
 11260 | D:6      | Identified a +0 club
 11356 | D:6      | Identified a cursed -2 shortbow
 11383 | D:6      | Identified a +0 club
 11560 | D:6      | Identified a cursed -1 giant club
 11566 | D:6      | Reached skill level 9 in Maces & Flails
 11624 | D:6      | Identified a +0 club
 11639 | D:6      | Identified a +0 whip
 11639 | D:6      | Identified a +0 robe
 11641 | D:6      | Identified a +1 dagger of venom
 11641 | D:6      | Identified a +0 robe
 11647 | D:6      | Identified a +0 leather armour
 11862 | D:6      | Identified a +0 dagger of draining
 11862 | D:6      | Identified a +0 robe
 11862 | D:6      | Identified a +0 dagger
 11862 | D:6      | Identified a +0 robe
 11865 | D:6      | Identified a +0 whip
 11963 | D:6      | Identified a +0 flail
 12158 | D:6      | Found a staircase to the Ecumenical Temple.
 12162 | Temple   | Entered the Ecumenical Temple
 12167 | Temple   | Became a worshipper of Warmaster Okawaru
 12787 | D:7      | Identified a +0 flail
 12808 | D:7      | Found Xisim's Antique Armour Shoppe.
 12816 | D:7      | Bought an embroidered robe for 111 gold pieces
 12826 | D:7      | Identified a +2 robe of positive energy (You bought it in a
                  | shop on level 7 of the Dungeon)
 12934 | D:7      | Identified a +0 trident
 12997 | D:7      | Identified a +0 club
 13006 | D:7      | Identified a +0 spear
 13007 | D:7      | Identified a +0 whip
 13033 | D:7      | HP: 17/78 [gnoll/+0 whip (3)]
 13598 | D:7      | Identified a +2 whip of flaming
 13598 | D:7      | Identified a +0 robe
 13598 | D:7      | Noticed Pikel
 13617 | D:7      | HP: 18/78 [disintegration (21)]
 13622 | D:7      | Killed Pikel
 13622 | D:7      | Reached skill level 10 in Maces & Flails
 13622 | D:7      | Reached skill level 8 in Throwing
 14064 | D:7      | Reached XP level 10. HP: 86/86 MP: 11/11
 14145 | D:7      | Identified 3 potions of lignification
 14146 | D:7      | Identified 2 potions of haste
 14173 | D:8      | Identified a +0 flail
 14173 | D:8      | Identified a +2 mace of draining
 14173 | D:8      | Identified a +0 flail
 14173 | D:8      | Identified a +0 scale mail
 14173 | D:8      | Identified a +0 morningstar
 14385 | D:8      | HP: 21/86 [poisoned by a killer bee]
 14393 | D:8      | HP: 20/86 [poisoned by a killer bee]
 14401 | D:8      | HP: 20/86 [poisoned by a killer bee]
 14870 | D:8      | Identified a +0 short sword
 15069 | D:8      | Got a fabulously ornate robe
 15134 | D:8      | Found a sparkling altar of Nemelex Xobeh.
 15404 | D:8      | Identified the +1 robe of the Goldsmith {Slay+2} (You found
                  | it on level 8 of the Dungeon)
 15409 | D:8      | Identified a +2 cloak (You found it on level 8 of the
                  | Dungeon)
 15441 | D:8      | Identified 3 scrolls of enchant weapon
 15442 | D:8      | Identified 3 scrolls of random uselessness
 15445 | D:8      | Identified 3 scrolls of teleportation
 15446 | D:8      | Identified 2 scrolls of immolation
 15447 | D:8      | Identified 2 scrolls of fear
 15448 | D:8      | Identified 2 scrolls of noise
 15449 | D:8      | Identified 2 scrolls of enchant armour
 15864 | D:9      | Reached skill level 11 in Maces & Flails
 15902 | D:9      | Identified a +0 halberd
 15902 | D:9      | Identified a +0 plate armour
 15902 | D:9      | Identified a +0 club
 15904 | D:9      | Identified a +0 mace
 15904 | D:9      | Identified a +0 scale mail
 15929 | D:9      | Reached * piety under Okawaru
 16126 | D:9      | Found a hazy altar of Hepliaklqana.
 16136 | D:9      | Found a burning altar of Makhleb.
 16203 | D:9      | Found a hide-covered altar of Uskayaw.
 16614 | D:9      | Identified a +0 giant spiked club
 16627 | D:9      | Identified a +0 quarterstaff
 16627 | D:9      | Identified a +0 hunting sling
 16627 | D:9      | Identified a +0 leather armour
 16627 | D:9      | Noticed Joseph
 16647 | D:9      | Identified a +0 whip
 16647 | D:9      | Identified a +0 robe
 16648 | D:9      | HP: 14/86 [Joseph/sling bullet (18)]
 16650 | D:9      | Killed Joseph
 16969 | D:9      | Identified a +0 club
 16969 | D:9      | Identified a +0 longbow
 16975 | D:9      | Identified a +0 whip
 16983 | D:9      | Identified a +0 spear
 16992 | D:9      | Identified a +0 halberd
 16996 | D:9      | Identified a +0 dagger
 16998 | D:9      | Identified a +0 war axe
 16998 | D:9      | Identified a +0 chain mail
 17000 | D:9      | Identified a +0 giant club
 17051 | D:9      | Identified a +0 short sword
 17051 | D:9      | Identified a +0 ring mail
 17054 | D:9      | Identified a +0 club
 17098 | D:9      | Identified a +0 scimitar
 17098 | D:9      | Identified a +0 plate armour
 17103 | D:9      | Identified a +0 club
 17103 | D:9      | Identified a +2 robe of magic resistance
 17154 | D:9      | Identified a +0 vorpal battleaxe
 17154 | D:9      | Identified a +0 chain mail
 17318 | D:9      | Identified a cursed +0 long sword
 17318 | D:9      | Identified a +0 plate armour
 17432 | D:9      | Identified a +0 whip
 17432 | D:9      | Identified a +0 robe
 17767 | D:9      | Identified a +0 giant club
 17773 | D:9      | Reached skill level 12 in Maces & Flails
 17785 | D:9      | Identified a +0 giant spiked club
 17796 | D:9      | Identified a +0 giant club
 18060 | D:10     | Entered Level 10 of the Dungeon
 18123 | D:10     | Identified a +0 leather armour
 18123 | D:10     | Identified a +0 club
 18129 | D:10     | Identified a +0 war axe
 18157 | D:10     | Identified a +0 war axe
 18157 | D:10     | Identified a +0 plate armour
 18158 | D:10     | Identified a cursed +0 halberd
 18158 | D:10     | Identified a +0 chain mail
 18159 | D:10     | Identified a +0 ring mail
 18160 | D:10     | Identified a +0 flail
 18522 | D:10     | Reached ** piety under Okawaru
 18622 | D:10     | Identified a +0 hand axe
 18622 | D:10     | Identified a +0 plate armour
 18622 | D:10     | Identified a +0 scale mail
 18622 | D:10     | Identified a +0 war axe
 18622 | D:10     | Identified a +0 hand axe
 18643 | D:10     | Identified a +0 whip
 18643 | D:10     | Identified a +0 leather armour
 18881 | D:10     | Identified a +0 dagger
 18881 | D:10     | Identified a +0 leather armour
 18883 | D:10     | Identified a cursed -2 dagger
 18884 | D:10     | Identified a +0 leather armour
 18897 | D:10     | Identified a +0 hand axe
 18897 | D:10     | Identified a +0 dagger
 18898 | D:10     | Identified a +0 club
 18899 | D:10     | Identified a +0 flail
 18899 | D:10     | Identified a +0 plate armour
 18904 | D:10     | Identified a +0 dagger
 18904 | D:10     | Identified a +0 robe
 18907 | D:10     | Identified a +0 leather armour
 18911 | D:10     | Identified a +0 leather armour
 18934 | D:10     | Identified a +0 short sword
 18934 | D:10     | Identified a +0 chain mail
 18980 | D:10     | Identified a +0 club
 18980 | D:10     | Identified a +0 leather armour
 19058 | D:10     | Identified a +0 falchion
 19061 | D:10     | Identified a +2 mace of venom
 19061 | D:10     | Identified a +0 ring mail
 19075 | D:10     | Identified a cursed +0 falchion
 19075 | D:10     | Identified a +0 scale mail
 19081 | D:10     | Identified a +0 giant spiked club
 19098 | D:10     | Identified a +0 falchion
 19100 | D:10     | Identified a +0 dagger
 19102 | D:10     | Identified a +0 flail
 19105 | D:10     | Identified a +0 hand axe
 19105 | D:10     | Identified a +0 leather armour
 19106 | D:10     | Identified a +0 dagger
 19107 | D:10     | Identified a +0 hand axe
 19107 | D:10     | Identified a +0 ring mail
 19111 | D:10     | Identified a +0 club
 19114 | D:10     | Identified a +0 flail
 19124 | D:10     | Reached XP level 11. HP: 93/93 MP: 12/12
 19126 | D:10     | Identified a +0 flail
 19126 | D:10     | Identified a +0 scale mail
 19138 | D:10     | Found a roughly hewn altar of Beogh.
 19140 | D:10     | Found Paozos's Assorted Antiques.
 19150 | D:10     | Bought a viscous white potion for 31 gold pieces
 19166 | D:10     | Identified a +0 shortbow
 19168 | D:10     | Identified a +0 giant club
 19236 | D:10     | Identified a +0 short sword
 19236 | D:10     | Identified a cursed -2 leather armour
 19315 | D:10     | Reached skill level 13 in Maces & Flails
 19584 | D:10     | Found a staircase to the Orcish Mines.
 19621 | D:10     | Identified a +0 dagger
 19621 | D:10     | Identified a +0 robe
 19626 | D:10     | Identified a +0 scimitar
 19626 | D:10     | Identified a +0 chain mail
 19626 | D:10     | Identified a +0 dagger
 19626 | D:10     | Identified a +0 robe
 19627 | D:10     | Identified a +0 battleaxe
 19633 | D:10     | Identified a +0 flail
 19633 | D:10     | Identified a +0 leather armour
 19635 | D:10     | Identified a +0 dagger
 19635 | D:10     | Identified a +0 robe
 19886 | D:11     | Identified a +0 war axe
 19886 | D:11     | Identified a +0 plate armour
 19903 | D:11     | HP: 21/95 [orc warrior/+0 war axe (19)]
 20262 | D:11     | Noticed a cyclops
 20277 | D:11     | Reached skill level 2 in Fighting
 20281 | D:11     | Identified a +0 shortbow
 20281 | D:11     | Identified an uncursed amulet of regeneration
 20281 | D:11     | Noticed a centaur warrior
 20290 | D:11     | HP: 14/95 [centaur warrior/arrow (20)]
 20712 | D:11     | Identified a +0 shortbow
 20712 | D:11     | Identified +0 gold dragon scales
 20808 | D:11     | Identified a +0 great sword
 20808 | D:11     | Identified a +0 chain mail
 20808 | D:11     | Noticed an orc knight
 20822 | D:10     | Reached *** piety under Okawaru
 21000 | D:11     | Identified a +0 dagger
 21000 | D:11     | Identified a cursed +0 robe
 21000 | D:11     | Identified a +0 dagger
 21000 | D:11     | Identified a +0 robe
 21000 | D:11     | Identified a +0 dagger
 21000 | D:11     | Identified a +0 robe
 21000 | D:11     | Identified a +0 dagger
 21000 | D:11     | Identified a +0 robe
 21182 | D:10     | Identified a +0 troll leather armour
 21182 | D:10     | Reached skill level 3 in Fighting
 21594 | D:11     | Found a staircase to the Lair.
 21838 | D:11     | Noticed a four-headed hydra
 21855 | D:11     | Killed a four-headed hydra
 21855 | D:11     | Reached skill level 4 in Fighting
 21877 | D:11     | Identified a +0 longbow
 21877 | D:11     | Noticed a centaur warrior
 22058 | D:11     | Identified a +0 plate armour
 22069 | D:11     | HP: 17/103 [centaur warrior (12)]
 22074 | D:11     | Killed a centaur warrior
 22074 | D:11     | Reached **** piety under Okawaru
 22085 | D:11     | Killed an orc knight
 22434 | D:11     | Noticed a catoblepas
 22451 | D:11     | Killed a catoblepas
 22451 | D:11     | Reached ***** piety under Okawaru
 22451 | D:11     | Reached skill level 5 in Fighting
 22451 | D:11     | Reached skill level 9 in Throwing
 22493 | D:11     | Killed a centaur warrior
 22493 | D:11     | Received a gift from Okawaru
 22493 | D:11     | Reached skill level 14 in Maces & Flails
 22505 | D:11     | Got a pitted giant club {god gift}
 22506 | D:11     | Identified the +5 giant club of Dismemberment {venom,
                  | Dex+2} (Okawaru gifted it to you on level 11 of the
                  | Dungeon)
 22973 | D:11     | Identified a +0 giant club
 23197 | D:11     | Noticed a cyclops
 23205 | D:11     | Killed a cyclops
 23205 | D:11     | Reached XP level 12. HP: 116/116 MP: 13/13
 23215 | D:11     | Reached skill level 6 in Fighting
 23321 | D:11     | Identified a +0 giant club
 23321 | D:11     | Identified a cursed -1 giant spiked club
 23321 | D:11     | Noticed a two-headed ogre
 23328 | D:11     | Killed a two-headed ogre
 23538 | D:11     | Found a burning altar of Makhleb.
 23636 | D:11     | Identified a ring of wizardry (You found it on level 11 of
                  | the Dungeon)
 23770 | D:11     | HP: 27/118 [killer bee (4)]
 23775 | D:11     | HP: 25/118 [poisoned by a killer bee]
 23780 | D:11     | HP: 23/118 [poisoned by a killer bee]
 23785 | D:11     | HP: 23/118 [poisoned by a killer bee]
 23792 | D:11     | HP: 23/118 [poisoned by a killer bee]
 23800 | D:11     | HP: 23/118 [poisoned by a killer bee]
 23819 | D:11     | HP: 25/118 [killer bee (6)]
 23824 | D:11     | HP: 19/118 [poisoned by a killer bee]
 23829 | D:11     | HP: 29/118 [killer bee (2)]
 23834 | D:11     | HP: 23/118 [poisoned by a killer bee]
 23836 | D:11     | HP: 8/118 [killer bee (5)]
 23841 | D:11     | HP: 24/118 [poisoned by a killer bee]
 23846 | D:11     | HP: 16/118 [poisoned by a killer bee]
 23851 | D:11     | HP: 11/118 [poisoned by a killer bee]
 23856 | D:11     | HP: 8/118 [poisoned by a killer bee]
 23861 | D:11     | HP: 6/118 [poisoned by a killer bee]
 23867 | D:11     | HP: 5/118 [poisoned by a killer bee]
 23875 | D:11     | HP: 5/118 [poisoned by a killer bee]
 23883 | D:11     | HP: 5/118 [poisoned by a killer bee]
 24389 | D:11     | HP: 29/118 [poisoned by a killer bee]
 24394 | D:11     | HP: 27/118 [poisoned by a killer bee]
 24399 | D:11     | HP: 25/118 [poisoned by a killer bee]
 24404 | D:11     | HP: 24/118 [poisoned by a killer bee]
 24411 | D:11     | HP: 25/118 [poisoned by a killer bee]
 24419 | D:11     | HP: 25/118 [poisoned by a killer bee]
 25185 | D:12     | Identified 2 scrolls of magic mapping
 25311 | D:12     | Reached skill level 7 in Fighting
 25353 | D:12     | Identified a +0 war axe
 25353 | D:12     | Identified a +0 chain mail
 25356 | D:12     | Identified a +0 falchion
 25356 | D:12     | Identified a +0 leather armour
 25357 | D:12     | Identified a +0 mace
 25357 | D:12     | Identified a +0 leather armour
 25371 | D:12     | HP: 28/121 [vampire mosquito (4)]
 25374 | D:11     | HP: 11/121 [vampire mosquito (9)]
 25985 | D:12     | Identified a +0 whip
 25985 | D:12     | Identified a +0 leather armour
 26119 | Lair:1   | Entered Level 1 of the Lair of Beasts
 26403 | Lair:1   | Received a gift from Okawaru
 26599 | Lair:1   | Reached skill level 10 in Throwing
 26769 | Lair:1   | Noticed a four-headed hydra
 26773 | Lair:1   | Killed a four-headed hydra
 26773 | Lair:1   | Reached skill level 8 in Fighting
 27072 | Lair:2   | Found a hole to the Spider Nest.
 27093 | Lair:2   | Reached skill level 15 in Maces & Flails
 27402 | Lair:2   | Identified a +0 shortbow
 27403 | Lair:2   | Identified a cursed -3 shortbow
 27403 | Lair:2   | Identified a +1 shortbow of flaming
 27424 | Lair:2   | Found a staircase to the Shoals.
 27465 | Lair:2   | Identified a +0 shortbow
 27505 | Lair:2   | Identified a +0 shortbow
 27909 | Lair:2   | Identified a scroll of blinking
 27910 | Lair:2   | Identified 3 potions of invisibility
 27911 | Lair:2   | Identified 2 potions of magic
 27912 | Lair:2   | Identified a potion of brilliance
 28106 | Lair:3   | Received a gift from Okawaru
 28179 | Lair:3   | Reached skill level 9 in Fighting
 28179 | Lair:3   | Reached XP level 13. HP: 134/134 MP: 14/14
 28287 | Lair:3   | Found a basalt altar of Yredelemnul.
 28345 | Lair:3   | Received a gift from Okawaru
 28359 | Lair:3   | Identified a scarf of repulsion (Okawaru gifted it to you
                  | on level 3 of the Lair of Beasts)
 29853 | Lair:4   | Noticed Snorg
 29869 | Lair:4   | HP: 34/136 [Snorg (20)]
 29869 | Lair:4   | HP: 15/136 [Snorg (16)]
 29869 | Lair:4   | HP: 5/136 [Snorg (10)]
 29870 | Lair:4   | Demolished by Snorg

Table legend:
 A = Turns spent in this place as a percentage of turns spent in the entire game.
 B = Non-inter-level travel turns spent in this place as a percentage of non-inter-level travel turns spent in the entire game.
 C = Inter-level travel turns spent in this place as a percentage of turns spent in this place.
 D = Turns resting spent in this place as a percentage of non-inter-level travel turns spent in this place.
 E = Turns spent auto-exploring this place as a percentage of non-inter-level travel turns spent in this place.
 F = Non-inter-level travel turns spent in this place divided by the number of levels of this place that you've seen.
                   A       B       C       D       E      F
               +-------+-------+-------+-------+-------+----------------------
         Total | 100.0 | 100.0 |   3.7 |  48.2 |  34.6 | 1692.8
       Dungeon |  87.4 |  87.2 |   3.9 |  50.3 |  32.1 | 2090.1
        Temple |   0.1 |   0.0 |  26.7 |   0.0 |   0.0 |  11.0
          Lair |  12.6 |  12.8 |   1.8 |  34.5 |  51.8 | 921.2
               +-------+-------+-------+-------+-------+----------------------

Table legend:
 A = Kills in this place as a percentage of kills in entire the game.
 B = Kills by you in this place as a percentage of kills by you in the entire game.
 C = Kills by friends in this place as a percentage of kills by friends in the entire game.
 D = Other kills in this place as a percentage of other kills in the entire game.
 E = Experience gained in this place as a percentage of experience gained in the entire game.
 F = Experience gained in this place divided by the number of levels of this place that you have seen.
                   A       B       C       D       E      F
               +-------+-------+-------+-------+-------+----------------------
         Total | 100.0 | 100.0 |   N/A |   N/A | 100.0 | 2268.9
       Dungeon |  87.7 |  87.7 |   N/A |   N/A |  63.2 | 2032.2
          Lair |  12.3 |  12.3 |   N/A |   N/A |  36.8 | 3546.0
               +-------+-------+-------+-------+-------+----------------------

Skill      XL: |  1  2  3  4  5  6  7  8  9 10 11 12 |
---------------+-------------------------------------+-----
Maces & Flails | 1 2 3 4 6 8 10 12 14 15 | 15.7
Throwing       | 3 4 5 6 8 9 10 | 10.8
Fighting       | 5 9 |  9.8
Dodging        | |  1.7
Spellcasting   | |  1.2
Hexes          | |  2.6

Action                   |  1- 3 |  4- 6 |  7- 9 | 10-12 | 13-15 || total
-------------------------+-------+-------+-------+-------+-------++-------
Melee: Whip              |    82 |    92 |    67 |   439 |       ||   680
       Unarmed           |    16 |       |       |       |       ||    16
       Headbutt          |       |     1 |    34 |   100 |     6 ||   141
       Giant club        |       |       |   232 |   214 |    43 ||   489
Throw: Stone             |   107 |     2 |    26 |    94 |    95 ||   324
       Dart              |    19 |   186 |   293 |   314 |       ||   812
       Large rock        |     4 |       |     6 |     8 |     7 ||    25
       Boomerang         |       |       |       |   132 |       ||   132
       Javelin           |       |       |       |     9 |       ||     9
  Use: Scroll            |       |     6 |     2 |    19 |     1 ||    28
       Potion            |       |     1 |     1 |     6 |       ||     8
 Stab: Sleeping          |       |     1 |       |       |       ||     1
  Eat: Ration            |     1 |     4 |     7 |    12 |     1 ||    25
Armor: Robe              |    33 |    22 |    62 |   141 |     4 ||   262
Dodge: Dodged            |    55 |    67 |   194 |   375 |    30 ||   721

Vanquished Creatures
  4 hydras
  2 centaur warriors (D:11)
  A catoblepas (D:11)
  A two-headed ogre (D:11)
  An orc knight (D:11)
  Pikel (D:7)
  2 cyclopes (D:11)
  A centaur zombie (D:10)
  A black mamba (Lair:4)
  Joseph (D:9)
  4 cane toads
  2 rime drakes (D:12)
  6 komodo dragons
  A troll (D:10)
  A queen bee (D:11)
  4 slime creatures (D:12)
  3 blink frogs (Lair:2)
  7 hippogriffs
  8 yaks
  A wyvern (D:11)
  2 basilisks (Lair:2)
  2 vampire mosquitoes (D:11)
  Duvessa (D:4)
  6 water moccasins
  2 black bears (D:9)
  12 orc warriors
  7 porcupines
  11 ogres
  A phantom (D:5)
  4 sky beasts
  A wolf (D:10)
  3 ice beasts
  2 crocodiles
  3 lemures (D:7)
  8 centaurs
  3 big kobolds
  Blork the orc (D:6)
  11 bullfrogs
  2 gnoll sergeants (D:6)
  Dowan (D:4)
  3 scorpions
  28 killer bees
  An electric eel (D:11)
  A howler monkey (D:11)
  4 wights
  2 bullfrog zombies
  4 gnoll shamans
  17 hounds
  2 bullfrog skeletons (D:11)
  2 centaur skeletons
  16 orc priests
  5 jellies
  2 iguanas
  18 orc wizards
  3 worker ants
  4 hound skeletons
  2 hound zombies
  A howler monkey zombie (D:11)
  2 worker ant zombies
  16 gnolls
  15 adders
  3 shadow imps
  4 white imps
  2 ufetubi
  2 oozes
  An adder zombie (D:5)
  2 adder skeletons
  5 dart slugs
  4 leopard geckos
  65 orcs
  A ball python (D:1)
  5 bats
  3 giant cockroaches
  21 hobgoblins
  18 jackals
  3 quokkas
  5 frilled lizards
  6 goblins
  8 kobolds
  8 rats
  3 fungi (D:9)
  2 plants (D:9)
454 creatures vanquished.

Vanquished Creatures (others)
  2 goblins (D:3)
  A hobgoblin (D:3)
  5 plants
8 creatures vanquished.

Grand Total: 462 creatures vanquished
